Map: Mech Depot LE

Players

TLO - Winner!

  • Race: Zerg Zerg
  • Spawn Location: 7:00

PtitDrogo

  • Race: Protoss Protoss
  • Spawn Location: 1:00

Event: WCS Montreal 2017

VOD

Have the link to the VOD?

Description

Time

  • Played on: Sept. 8, 2017, 3:33 p.m.
  • Length: 8:34

All games in this series

Show
View Real Time Build Order
Export as new Build Order

TLO Zerg - Winner!

Build Orders: Hatch First 

Get SALT Encoding   

  12  0:00  Drone  
  13  0:12  Overlord  
  13  0:16  Drone  
  14  0:30  Drone x2  
  14  0:33  Drone  
  17  0:51  Hatchery  
  17  0:54  Drone  
  17  0:57  Drone  
  18  1:11  Spawning Pool  
  18  1:14  Drone  
  18  1:17  Drone  
  19  1:27  Extractor, Drone  
  19  1:38  Overlord  
  19  1:52  Drone  
  20  1:59  Queen  
  20  2:00  Zergling x2  
  23  2:03  Queen  
  23  2:06  Drone  
  26  2:17  Hatchery  
  26  2:20  Drone  
  26  2:23  Drone  
  27  2:35  Queen  
  29  2:37  Drone  
  29  2:38  Drone  
  31  2:45  Overlord  
  31  2:48  Drone  
  32  2:51  Drone  
  32  2:53  Metabolic Boost  
  32  2:57  Zergling x2  
  33  3:00  Zergling x2  
  33  3:02  Drone  
  33  3:05  Drone  
  36  3:06  Drone  
  36  3:09  Drone  
  36  3:10  Drone  
  41  3:21  Drone x2  
  41  3:25  Overlord  
  43  3:29  Spore Crawler  
  43  3:30  Drone  
  43  3:32  Drone  
  44  3:36  Spore Crawler  
  44  3:38  Zergling x4  
  44  3:39  Drone  
  44  3:40  Drone  
  45  3:42  Spore Crawler, Drone  
  45  3:44  Drone  
  45  3:46  Drone  
  45  3:48  Drone  
  48  3:51  Drone  
  48  3:52  Drone  
  48  3:54  Drone  
  50  3:56  Spore Crawler  
  50  3:58  Drone  
  50  4:03  Drone x2  
  50  4:04  Drone  
  50  4:06  Overlord  
  50  4:08  Overlord  
  53  4:13  Drone  
  53  4:14  Overlord  
  54  4:18  Lair  
  54  4:20  Drone  
  54  4:22  Extractor  
  54  4:24  Extractor, Drone x2  
  53  4:26  Drone  
  53  4:28  Drone x2  
  58  4:32  Evolution Chamber  
  58  4:33  Extractor, Drone  
  58  4:35  Drone  
  58  4:36  Drone  
  58  4:37  Drone  
  60  4:39  Drone  
  61  4:46  Drone x2  
  61  4:47  Overlord  
  61  4:52  Drone x2  
  65  4:53  Zergling x2  
  65  4:54  Zergling x6  
  65  4:55  Zergling x2  
  65  4:58  Zergling x2  
  65  4:59  Zergling x2  
  73  5:00  Zergling x2  
  73  5:04  Overlord  
  73  5:05  Overlord  
  73  5:07  Zerg Missile Weapons Level 1  
  73  5:11  Overlord  
  73  5:12  Zergling x2  
  73  5:16  Overlord  
  73  5:20  Hydralisk Den  
  72  5:24  Drone  
  73  5:32  Zergling x4  
  73  5:33  Drone  
  73  5:34  Hatchery  
  74  5:38  Drone  
  74  5:39  Drone  
  74  5:42  Infestation Pit, Drone  
  76  5:46  Drone  
  76  5:49  Muscular Augments, Hydralisk x3  
  77  5:52  Hydralisk  
  77  5:53  Hydralisk  
  77  5:56  Overlord  
  85  6:00  Hydralisk  
  85  6:01  Hydralisk  
  89  6:05  Overlord  
  89  6:09  Queen  
  91  6:11  Overlord, Hydralisk  
  91  6:14  Extractor  
  91  6:15  Hydralisk  
  91  6:16  Extractor  
  93  6:19  Hydralisk  
  93  6:20  Hydralisk  
  93  6:22  Hydralisk  
  99  6:27  Overlord  
  99  6:28  Zergling x2  
  99  6:29  Zergling x4  
  99  6:32  Hydralisk  
  101  6:33  Hydralisk  
  101  6:39  Drone x2  
  105  6:44  Hydralisk x2  
  109  6:47  Hydralisk  
  109  6:48  Zergling x2  
  109  6:49  Zergling x6  
  109  6:54  Queen  
  115  6:57  Hydralisk x2  
  121  7:01  Hydralisk  
  121  7:03  Zergling x2  
  121  7:04  Zergling x2  
  121  7:05  Zergling x2  
  121  7:06  Zergling x2  
  121  7:08  Zergling x4  
  127  7:09  Zergling x2  
  127  7:10  Zergling x2  
  127  7:14  Zergling x2  
  127  7:15  Zergling x2  
  132  7:17  Hydralisk x2  
  132  7:20  Hydralisk  
  132  7:21  Zergling x2  
  126  7:25  Hydralisk  
  126  7:26  Hydralisk  
  126  7:27  Zergling x4  
  126  7:29  Zergling x2  
  129  7:33  Hydralisk  
  127  7:40  Hydralisk  
  127  7:41  Zergling x6  
  127  7:42  Zergling x4  
  127  7:43  Zergling x2  
  127  7:44  Zergling x2  
  135  7:50  Hydralisk  
  133  7:54  Hydralisk x2  
  133  7:58  Zergling x2  
  136  7:59  Zergling x2  
  136  8:01  Drone  
  136  8:02  Drone  
  136  8:03  Drone, Overseer  
  135  8:05  Zergling x2  
  135  8:07  Drone  
  135  8:08  Drone x2  
  135  8:09  Drone  
  135  8:10  Drone  
  135  8:12  Drone x2  
Show
View Real Time Build Order
Export as new Build Order

PtitDrogo Protoss 

Build Orders: 1 Gate Expand, Oracle Opening, Zealot Archon 

Get SALT Encoding   

  12  0:01  Probe (Chrono Boost)  
  13  0:11  Probe (Chrono Boost)  
  14  0:22  Pylon  
  14  0:23  Probe (Chrono Boost)  
  15  0:32  Assimilator  
  15  0:40  Probe (Chrono Boost)  
  16  0:43  Gateway  
  16  0:51  Probe (Chrono Boost)  
  17  1:01  Probe (Chrono Boost)  
  18  1:12  Probe (Chrono Boost)  
  19  1:20  Nexus  
  19  1:23  Probe (Chrono Boost)  
  20  1:33  Cybernetics Core  
  20  1:36  Probe (Chrono Boost)  
  21  1:41  Assimilator  
  22  1:47  Probe (Chrono Boost)  
  22  1:50  Pylon  
  22  1:57  Probe (Chrono Boost)  
  24  2:08  Probe (Chrono Boost)  
  24  2:10  Stargate  
  24  2:14  Adept (Chrono Boost)  
  26  2:20  Probe  
  27  2:24  Warp Gate  
  27  2:30  Probe  
  27  2:32  Probe  
  29  2:38  Adept (Chrono Boost)  
  29  2:41  Probe  
  33  2:44  Probe  
  33  2:52  Probe  
  33  2:55  Oracle (Chrono Boost)  
  33  2:56  Probe  
  38  3:02  Probe  
  39  3:06  Adept  
  39  3:08  Probe  
  42  3:13  Probe  
  42  3:18  Pylon  
  43  3:20  Probe  
  43  3:23  Probe  
  45  3:32  Probe  
  46  3:37  Probe, Oracle (Chrono Boost)  
  50  3:44  Nexus  
  50  3:46  Pylon  
  50  3:49  Pylon  
  50  3:59  Probe  
  51  4:03  Mothership Core  
  51  4:06  Assimilator  
  51  4:07  Assimilator  
  51  4:08  Phoenix (Chrono Boost)  
  55  4:11  Probe  
  55  4:15  Gateway x2  
  56  4:23  Probe x2 (Chrono Boost)  
  58  4:35  Probe x2 (Chrono Boost)  
  58  4:36  Twilight Council  
  60  4:40  Forge  
  60  4:46  Probe x2 (Chrono Boost)  
  60  4:47  Robotics Facility  
  62  4:57  Probe (Chrono Boost)  
  62  4:58  Probe x2 (Chrono Boost)  
  65  5:02  Charge  
  64  5:07  Probe (Chrono Boost)  
  64  5:08  Probe x2 (Chrono Boost)  
  67  5:15  Protoss Ground Weapons Level 1 (Chrono Boost)  
  67  5:18  Probe  
  67  5:19  Probe x2  
  70  5:23  Robotics Facility  
  70  5:24  Sentry x2  
  74  5:29  Gateway x2  
  74  5:30  Probe x2  
  74  5:31  Probe  
  74  5:32  Gateway  
  74  5:33  Pylon  
  77  5:40  Probe  
  77  5:41  Observer  
  77  5:42  Probe  
  80  5:43  Probe  
  78  5:51  Probe  
  78  5:53  Assimilator  
  78  5:54  Probe  
  78  5:55  Probe  
  78  5:56  Assimilator  
  78  5:57  Pylon  
  81  6:00  Pylon  
  81  6:02  Probe  
  82  6:07  Gateway x2  
  82  6:10  Warp Prism  
  84  6:11  Gateway  
  84  6:19  Zealot x3  
  84  6:23  Warp Prism  
  84  6:25  Zealot x2  
  96  6:36  Gateway x2  
  96  6:41  Templar Archives  
  96  6:55  Probe  
  96  6:56  Probe  
  96  6:59  Zealot x2  
  102  7:10  Zealot x3  
  102  7:15  Pylon  
  108  7:16  Pylon  
  108  7:19  Zealot  
  108  7:21  Immortal (Chrono Boost)  
  104  7:25  Zealot x4  
  91  7:35  Zealot x3  
  91  7:37  Zealot x3  
  92  7:45  High Templar x5  
  88  7:52  Archon x2  
  88  7:55  High Templar  
  88  7:56  Zealot  
  78  7:59  Archon  
  78  8:03  Zealot x3  
  78  8:10  Pylon  
  78  8:11  Pylon  
  73  8:13  Pylon  
  73  8:16  Pylon  
  73  8:18  Pylon  
  73  8:19  Zealot x2  
  69  8:22  Sentry  
  69  8:25  Zealot  
Tags
 
Add a new tag
Caveats
  • Supply blocks, unpowered buildings, or Contaminate may cause inaccurate times.
  • Supply counts are checked every 10 seconds.